 Dungeon Crawl Stone Soup version 0.27-a0-1140-g099f9bb0e8 (webtiles) character file.

Game seed: 5927304566114659691

466 pokeman the Magician (level 6, -4/34 HPs)
             Began as a Deep Elf Hedge Wizard on May 8, 2021.
             Killed from afar by an acid dragon (11 damage)
             ... with a splash of acid
             ... on level 4 of the Dungeon.
             The game lasted 00:10:54 (4501 turns).

pokeman the Magician (Deep Elf Hedge Wizard)        Turns: 4501, Time: 00:10:55

Health: -4/34      AC:  0    Str:  7    XL:     6   Next: 81%
Magic:  13/18      EV: 12    Int: 21    God:
Gold:   219        SH:  0    Dex: 14    Spells: 8/19 levels left

rFire    . . .     SeeInvis .   a - +0 dagger
rCold    . . .     Faith    .   (no shield)
rNeg     . . .     Spirit   .   s - +0 leather armour
rPois    .         Reflect  .   d - +0 helmet
rElec    .         Harm     .   (no cloak)
rCorr    .         Rampage  .   (no gloves)
Will     .....                  (no boots)
Stlth    ++........             j - amulet of magic regeneration
HPRegen  0.11/turn              (no ring)
MPRegen  0.41/turn              (no ring)

@: corroded
A: no striking features
a: no special abilities


You were on level 4 of the Dungeon.
You visited 1 branch of the dungeon, and saw 4 of its levels.

You collected 219 gold pieces.

Inventory:

Hand Weapons
 a - a +0 dagger (weapon)
 k - a +0 longbow
Missiles
 f - 54 arrows
 n - 84 bolts
Armour
 d - a +0 helmet (worn)
 s - a +0 leather armour (worn)
Jewellery
 j - an amulet of magic regeneration (around neck)
Scrolls
 e - a scroll of enchant weapon {unknown}
 g - 2 scrolls of teleportation {unknown}
 h - 2 scrolls of blinking {unknown}
 i - 9 scrolls of identify {unknown}
 l - a scroll of magic mapping {unknown}
 o - a scroll of silence {unknown}
 r - 2 scrolls of vulnerability {unknown}
Potions
 c - 2 potions of flight {unknown}
 m - 3 potions of attraction {unknown}
 p - a potion of curing {unknown}
 q - a potion of mutation {unknown}


   Skills:
 + Level 1.1 Fighting
 - Level 1.0 Armour
 - Level 4.0 Dodging
 - Level 2.4 Stealth
 * Level 7.4 Spellcasting
 + Level 3.4 Conjurations
 - Level 1.1 Summonings
 - Level 1.1 Translocations
 - Level 2.5 Fire Magic
 + Level 0.3 Air Magic


You had 8 spell levels left.
You knew the following spells:

 Your Spells              Type           Power      Damage    Failure   Level
a - Magic Dart            Conj           88%        1d7       3%          1
b - Mephitic Cloud        Conj/Pois/Air  13%        N/A       22%         3
c - Call Imp              Summ           12%        N/A       12%         2
d - Blink                 Tloc           N/A        N/A       12%         2
e - Conjure Flame         Conj/Fire      20%        6-21      11%         3

Your spell library contained the following spells:

 Spells                   Type           Power      Damage    Failure   Level
 Slow                     Hex            7%         N/A       19%         2


Dungeon Overview and Level Annotations

Branches:
Dungeon (4/15)
 Temple: D:4-7

Altars:


Message History

Confirm with . or Enter, or press ? or * to list all spells.
The spell is quite dangerous to cast (11% risk of failure)!
Continue anyway?
The fire begins to smoulder!
The fire ignites!
Casting: Conjure Flame (quite dangerous; 11% risk of failure)
Confirm with . or Enter, or press ? or * to list all spells.
The spell is quite dangerous to cast (11% risk of failure)!
Continue anyway?
The fire begins to smoulder!
The fire ignites!
Casting: Conjure Flame (quite dangerous; 11% risk of failure)
Confirm with . or Enter, or press ? or * to list all spells.
Aiming: Magic Dart (safe; 3% risk of failure)
Press: ? - help, Shift-Dir - straight line, f - acid dragon
Aim: an acid dragon (flame, 100% to hit)
The magic dart hits the acid dragon.
The acid dragon is lightly wounded.
The acid dragon is engulfed in blazing flames.
Unknown command.
Casting: Magic Dart (safe; 3% risk of failure)
Confirm with . or Enter, or press ? or * to list all spells.
Aiming: Magic Dart (safe; 3% risk of failure)
Press: ? - help, Shift-Dir - straight line, f/p - acid dragon
Aim: an acid dragon (heavily wounded, 100% to hit)
The magic dart hits the acid dragon.
The acid dragon is severely wounded.
Casting: Magic Dart (safe; 3% risk of failure)
Confirm with . or Enter, or press ? or * to list all spells.
Aiming: Magic Dart (safe; 3% risk of failure)
Press: ? - help, Shift-Dir - straight line, f/p - acid dragon
Aim: an acid dragon (severely wounded, 100% to hit)
The magic dart hits the acid dragon but does no damage.
The acid dragon is severely wounded.
The acid dragon spits acid at you. The splash of acid hits you!
The acid corrodes you!
You are splashed with acid!
* * * LOW HITPOINT WARNING * * *
You start resting.
An acid dragon is nearby!
The acid dragon spits acid at you. The splash of acid hits you!
You die...

# ##..# ### ###...##
..####......#
.....)......##
.............#
.............#
.............####
................####
............###.@..#####
..........### ####.....#
..........## ###D.##
...........### ##.#
.............## #D##
..............### #..#
................### ##)##
..................###.).#
#.......................##


You could see an acid dragon (catching breath).

Vanquished Creatures
  Sigmund (D:3)
  A scorpion (D:4)
  A centaur zombie (D:4)
  An orc priest (D:4)
  2 orc wizards
  3 adders
  A shadow imp (D:3)
  An adder skeleton (D:4)
  4 worms
  11 orcs
  8 bats
  6 endoplasms
  5 giant cockroaches
  4 goblins
  3 hobgoblins
  6 jackals (D:1)
  3 quokkas
  5 ball pythons
  2 frilled lizards (D:1)
  7 kobolds
  9 rats
84 creatures vanquished.

Vanquished Creatures (collateral kills)
  An orc wizard (D:3)
  2 orcs (D:3)
  A goblin (D:3)
4 creatures vanquished.

Grand Total: 88 creatures vanquished

Notes
Turn   | Place    | Note
-------+----------+-------------------------------------------
     0 | D:1      | pokeman the Deep Elf Hedge Wizard began the quest for the
                  | Orb.
     0 | D:1      | Reached XP level 1. HP: 10/10 MP: 7/7
     3 | D:1      | Found a faded altar of an unknown god.
   412 | D:1      | Reached XP level 2. HP: 16/16 MP: 3/9
   882 | D:1      | Reached skill level 5 in Spellcasting
   952 | D:1      | Reached XP level 3. HP: 20/20 MP: 4/11
   957 | D:1      | Learned a level 3 spell: Mephitic Cloud
   960 | D:1      | Learned a level 2 spell: Call Imp
   963 | D:1      | Learned a level 2 spell: Blink
   967 | D:1      | Learned a level 3 spell: Conjure Flame
  1437 | D:2      | Reached skill level 1 in Fighting
  1437 | D:2      | Reached skill level 1 in Armour
  1979 | D:3      | Reached XP level 4. HP: 25/25 MP: 7/13
  2431 | D:3      | Noticed Sigmund
  2451 | D:3      | Killed Sigmund
  2452 | D:3      | Reached skill level 6 in Spellcasting
  2452 | D:3      | Reached skill level 1 in Fire Magic
  2452 | D:3      | Reached XP level 5. HP: 29/29 MP: 11/16
  2618 | D:3      | Reached XP level 6. HP: 11/34 MP: 13/17
  3391 | D:4      | Reached skill level 7 in Spellcasting
  4070 | D:4      | Noticed an acid dragon
  4501 | D:4      | Killed from afar by an acid dragon

Illustrated notes

Levels and vault maps discovered:
D:1:      dpeg_arrival_lava_altar, layout_rooms,
          chequers_ecumenical_altar_simple
D:2:      layout_loops_ring
D:3:      layout_basic, uniq_sigmund
D:4:      layout_cave_pods, kennysheep_little_box,
          gammafunk_temple_overflow_claw

Skill      XL: |  1  2  3  4  5  6 |
---------------+-------------------+-----
Spellcasting   | 5 6 7 |  7.4
Fighting       | 1 |  1.1
Armour         | 1 |  1.0
Conjurations   | 2 3 |  3.4
Dodging        | 3 4 |  4.0
Fire Magic     | 1 2 |  2.5
Stealth        | |  2.4
Summonings     | |  1.1
Translocations | |  1.1
Air Magic      | |  0.3

Action                   |  1- 3 |  4- 6 || total
-------------------------+-------+-------++-------
Melee: Dagger            |    13 |    13 ||    26
 Cast: Magic Dart        |   115 |   118 ||   233
       Call Imp          |       |     7 ||     7
       Conjure Flame     |       |    11 ||    11
       Mephitic Cloud    |       |     7 ||     7
       Blink             |       |     1 ||     1
 Stab: Confused          |       |     1 ||     1
Armor: Robe              |    12 |     4 ||    16
Dodge: Dodged            |    25 |    11 ||    36

Table legend: (Time is in decaauts)
 A = Elapsed time spent in this place.
 B = Non-inter-level travel time spent in this place.
 C = Inter-level travel time spent in this place.
 D = Time resting spent in this place.
 E = Time spent auto-exploring this place.
 F = Levels seen in this place.
 G = Mean time per level.
                   A        B        C        D        E       F      G
               +--------+--------+--------+--------+--------+-----+--------+
         Total |   4500 |   4427 |     73 |    565 |   3158 |   4 | 1125.0 |
       Dungeon |   4500 |   4427 |     73 |    565 |   3158 |   4 | 1125.0 |
               +--------+--------+--------+--------+--------+-----+--------+

Top non-repeatable levels by time:
     D:3: 1307 daAuts
     D:4: 1239 daAuts
     D:1: 1220 daAuts
     D:2: 732 daAuts
